 Dungeon Crawl Stone Soup version 0.22.1-6-g1668fe2 (webtiles) character file.

324 infcreate the Conjurer (level 6, -4/32 HPs)
             Began as a Deep Elf Conjurer on Jan 23, 2019.
             Killed by divine providence
             ... invoked by an orc priest
              (14 damage)
             ... on level 3 of the Dungeon.
             The game lasted 00:15:48 (3778 turns).

infcreate the Conjurer (Deep Elf Conjurer)          Turns: 3778, Time: 00:15:49

Health: -4/32      AC:  2    Str:  7    XL:     6   Next: 23%
Magic:  9/16       EV: 13    Int: 22    God:
Gold:   83         SH:  0    Dex: 15    Spells: 3/16 levels left

rFire    . . .     SeeInvis .   (no weapon)
rCold    . . .     Gourm    .   (no shield)
rNeg     . . .     Faith    .   a - +0 robe
rPois    .         Spirit   .   (no helmet)
rElec    .         Reflect  .   (no cloak)
rCorr    .         Harm     .   (no gloves)
MR       .....                  (no boots)
Stlth    ++........             (no amulet)
HPRegen  0.10/turn              d - +2 ring of strength
MPRegen  0.15/turn              (no ring)

@: no status effects
A: no striking features
a: no special abilities


You were on level 3 of the Dungeon.
You were not hungry.

You visited 1 branch of the dungeon, and saw 3 of its levels.

You collected 83 gold pieces.

Inventory:

Armour
 a - a +0 robe (worn)
Jewellery
 d - a +2 ring of strength (left hand)
Scrolls
 b - a scroll of enchant weapon {unknown}
 e - a scroll of identify {unknown}
 i - 2 scrolls of teleportation
 o - a scroll of enchant armour {unknown}
 p - a scroll of random uselessness {unknown}
Potions
 f - 5 potions of curing {unknown}
 g - a potion of lignification {unknown}
 h - 2 potions of ambrosia {unknown}
 j - a potion of magic {unknown}
 k - a potion of brilliance {unknown}
 l - a potion of heal wounds {unknown}
 m - a potion of invisibility {unknown}
 n - a potion of might {unknown}
Comestibles
 c - 4 rations


   Skills:
 + Level 3.3 Dodging
 + Level 3.2 Stealth
 + Level 5.8 Spellcasting
 + Level 6.5 Conjurations


You had 3 spell levels left.
You knew the following spells:

 Your Spells              Type           Power        Failure   Level  Hunger
a - Magic Dart            Conj           ####         1%          1    None
b - Searing Ray           Conj           #####.       1%          2    None
c - Dazzling Spray        Conj/Hex       ###...       8%          3    ##.....
d - Iskenderun's Mystic   Conj           #####...     6%          4    ####...
e - Conjure Flame         Conj/Fire      ###.....     8%          3    ##.....

Your spell library contained the following spells:

 Spells                   Type           Power        Failure   Level  Hunger
 Mephitic Cloud           Conj/Pois/Air  ###.....     12%         3    ##.....
 Blink                    Tloc           N/A          14%         2    None
 Call Imp                 Summ           #.......     14%         2    None
 Slow                     Hex            #.......     14%         2    None
 Force Lance              Conj/Tloc      ###.....     24%         4    ####...
 Fulminant Prism          Conj/Hex       ###.......   24%         4    ####...


Dungeon Overview and Level Annotations

Branches:
Dungeon (3/15)

Altars:
Wu Jian


Message History

Aim: an orc, wielding a whip The searing ray hits the orc.
The orc is moderately wounded. (Press . to maintain the ray.)
The searing ray hits the orc.
The orc is severely wounded.
The orc hits you with an enchanted short sword.
The searing ray hits the orc.
The orc is severely wounded.
The orc hits you with an enchanted short sword!
* * * LOW HITPOINT WARNING * * *
The searing ray hits the orc.
You kill the orc!
The searing ray hits the orc.
You kill the orc!
You finish channeling your searing ray.
The orc priest is too close now for your liking.
The orc priest mumbles some strange prayers to Beogh against you.
Beogh smites you!
You die...

...#
#.#..#.#####.#
...# #.#..#.# #.#
...# #.#..#.# #.#
...# #.#..#.# #.#
#### #.#..#.#
###.# .# #.#..#.#
#...# (#
#.#..#.###.### .#
#.#..#...#.# .##
#.#..###.#@#
..#####.#..#.#.#.#
#.#..o.....#.#.#.#
......./...#<.(#.#
...........#####.#
............o).o.#
.........#.#######
##.......#.#####
#.####+##.....#


You could see an orc priest.

Vanquished Creatures
  A crimson imp (D:3)
  An orc priest (D:2)
  2 orc wizards
  The ghost of dscm the Digger, a weakling OpEE (D:3)
  5 adders (D:2)
  3 oozes
  A worm (D:2)
  8 dart slugs
  A leopard gecko (D:2)
  10 orcs
  7 bats
  16 giant cockroaches
  8 goblins
  8 hobgoblins
  12 jackals
  6 kobolds
  5 frilled lizards
  5 rats
100 creatures vanquished.

Notes
Turn   | Place    | Note
-------+----------+-------------------------------------------
     0 | D:1      | infcreate the Deep Elf Conjurer began the quest for the
                  | Orb.
     0 | D:1      | Reached XP level 1. HP: 10/10 MP: 6/6
   156 | D:1      | Reached XP level 2. HP: 10/15 MP: 0/8
   263 | D:1      | Learned a level 2 spell: Searing Ray
   299 | D:1      | Reached skill level 5 in Conjurations
   488 | D:1      | Reached XP level 3. HP: 19/19 MP: 3/10
   545 | D:1      | Learned a level 3 spell: Dazzling Spray
  1058 | D:2      | Reached XP level 4. HP: 24/24 MP: 2/11
  1757 | D:2      | Reached skill level 6 in Conjurations
  1757 | D:2      | Reached XP level 5. HP: 7/28 MP: 4/14
  2063 | D:2      | Reached skill level 5 in Spellcasting
  2101 | D:2      | Learned a level 4 spell: Iskenderun's Mystic Blast
  2347 | D:2      | Found an ornate altar of the Wu Jian Council.
  2741 | D:3      | Found a runed gate.
  2744 | D:3      | Found a runed gate.
  2747 | D:3      | Found a runed gate.
  2751 | D:3      | Noticed dscm's ghost (weakling OpEE)
  2785 | D:3      | Reached XP level 6. HP: 32/32 MP: 6/16
  2861 | D:3      | Learned a level 3 spell: Conjure Flame
  3619 | D:3      | Killed dscm's ghost
  3778 | D:3      | Killed from afar by an orc priest

Skill      XL: |  1  2  3  4  5 |
---------------+----------------+-----
Conjurations   | 5 6 |  6.5
Spellcasting   | 4 5 |  5.8
Dodging        | 3 |  3.3
Stealth        | 3 |  3.2

Action                   |  1- 3 |  4- 6 || total
-------------------------+-------+-------++-------
Melee: Unarmed           |     1 |     1 ||     2
 Cast: Magic Dart        |    85 |   115 ||   200
       Searing Ray       |     2 |     6 ||     8
       Iskenderun's Myst |       |     4 ||     4
       Dazzling Spray    |       |     1 ||     1
  Use: Scroll            |       |     1 ||     1
  Eat: Chunk             |       |     6 ||     6
       Ration            |       |     1 ||     1
Armor: Robe              |     6 |     3 ||     9
Dodge: Dodged            |    28 |    14 ||    42
